AoeStats
← David

Arena

510190926Analyzed
2v2 RM · 3d ago on Sep 29, 2026· 32m 58s· 4 players
Game mode
Random Map
Map size
Medium (4 player)
Population
200
Speed
Normal
Resources
Standard
Victory
Conquest
Starting age
Dark Age
Ending age
Imperial Age
RankedLock teamsTeams togetherTeam positionsShared explorationLock speedFull tech treeHidden civsTurbo modeCheats
Victory
Defeat
🇵🇪 Chinese · Peru
825
+13
🇵🇪 Bohemians · Peru
802
+13
🇷🇴 Byzantines · Romania
758
-13
🇷🇴 Japanese · Romania
755
-13
TE LA ENTIERRO
10:09 Feudal Age
8:24 Loom
19:22 Castle Age
29:06 Imperial Age
28:17 Double-Bit Axe
28:27 Gold Mining
30:59 Fletching
31:10 Padded Archer Armor
32:37 Gold Shaft Mining
32:15 Bow Saw
31:48 Horse Collar
el ronpe culos
12:28 Feudal Age
17:51 Castle Age
17:11 Double-Bit Axe
26:44 Imperial Age
25:09 Pikeman
25:52 Fletching
Naxeete
2:40 Loom
12:28 Feudal Age
17:26 Castle Age
15:50 Double-Bit Axe
17:24 Horse Collar
18:25 Wheelbarrow
21:29 Fletching
21:37 Gold Mining
21:50 Heavy Plow
22:05 Bow Saw
25:28 Gold Shaft Mining
25:27 Bodkin Arrow
29:51 Imperial Age
33:17 Chemistry
David
4:26 Loom
9:37 Feudal Age
16:49 Castle Age
17:52 Double-Bit Axe
22:36 Bow Saw
25:13 Horse Collar
24:59 Man-at-Arms
25:41 Squires
26:51 Gold Mining
31:08 Imperial Age
29:41 Wheelbarrow
29:57 Town Watch
31:27 Scale Mail Armor
31:19 Fletching
32:00 Hand Cart
31:52 Long Swordsman
Connection lost

Rejoining the realm…

Still unreachable

The connection could not be restored.

Session expired

The server has moved on; the page needs a fresh start.